 Seeded DCSS version 0.30.1-4-g462c640d31 (webtiles) character file.

Game seed: 6351066067085065685 (custom seed)

5 Esekla the Grave Robber (level 1, 0/10 HPs)
             Began as a Deep Elf Necromancer on Sept 2, 2023.
             Was an Initiate of Vehumet.
             Slain by a hound (4 damage)
             ... on level 3 of the Dungeon.
             The game lasted 00:04:47 (533 turns).

Esekla the Grave Robber (Deep Elf Necromancer)       Turns: 533, Time: 00:04:47

Health: 0/10       AC:  4    Str:  5    XL:     1   Next: 66%
Magic:  6/6        EV: 12    Int: 19    God:    Vehumet [......]
Gold:   61         SH:  0    Dex: 15    Spells: 5/6 levels left

rFire   . . .        c - +0 short sword
rCold   . . .        (no shield)
rNeg    . . .        a - +0 robe
rPois   .            l - +0 helmet
rElec   .            (no cloak)
rCorr   .            j - +0 pair of gloves
SInv    .            (no boots)
Will    .....        (no amulet)
Stlth   ++           (no ring)
HPRegen 0.21/turn    (no ring)
MPRegen 0.10/turn

%: no passive effects
@: attractive
A: no striking features
a: Renounce Religion


You were on level 3 of the Dungeon.
You worshipped Vehumet.
Vehumet was noncommittal.
You visited 1 branch of the dungeon, and saw 4 of its levels.

You collected 61 gold pieces.

Inventory:

Hand Weapons
 c - a +0 short sword (weapon)
Armour
 a - a +0 robe (worn)
 j - a +0 pair of gloves (worn)
 l - a +0 helmet (worn)
Scrolls
 f - a scroll of identify {unknown}
Potions
 b - a potion of magic
 d - a potion of ambrosia {unknown}
 e - a potion of attraction
 g - a potion of heal wounds {unknown}
 h - a potion of haste {unknown}
 i - a potion of curing {unknown}
 k - a potion of mutation {unknown}


   Skills:
 * Level 0.2 Short Blades
 * Level 2.6 Dodging
 + Level 2.5 Stealth
 * Level 3.0 Spellcasting
 + Level 4.9 Necromancy


You had 5 spell levels left.
You knew the following spells:

 Your Spells              Type           Power      Damage    Failure   Level
a - Necrotise             Necr           84%        1d8       1%          1

Your spell library contained the following spells:

 Spells                   Type           Power      Damage    Failure   Level
 Vampiric Draining        Necr           21%        2d7       6%          3
 Animate Dead             Necr           21%        N/A       21%         4
 Agony                    Necr           21%        N/A       50%         5


Dungeon Overview and Level Annotations

Branches:
Dungeon (4/15)
 Temple: D:4-7

Altars:
Hepliaklqana
Okawaru
Qazlal
Trog
Vehumet
Zin


Message History

There is an open door here.
You open the door.
There is an open door here.
Found a helmet.
Found an escape hatch in the floor.
Found 13 gold pieces and a rapier.
You see here a +0 helmet.
You start putting on your armour.
You continue putting on your +0 helmet. x4
You finish putting on your +0 helmet.
Found a scroll labelled OPUZOUSOET.
A worm comes into view.
There is an escape hatch in the ceiling here.
An adder comes into view.
There is an escape hatch in the ceiling here.
A mysterious force pulls you upwards. The hatch slams shut behind you.
The hound barks!
An adder comes into view.
Found three altars.
The dart slug launches a dart at you. The slug dart hits you.
The dart slug launches a dart at you. The slug dart misses you.
You barely miss the hound. The hound closely misses you.
You closely miss the hound. The hound bites you but does no damage.
The hound bites you.
You hit the hound.
The hound is moderately wounded.
The hound bites you but does no damage.
You hit the hound.
The hound is moderately wounded.
The hound bites you but does no damage. The hound bites you.
You hit the hound.
The hound is moderately wounded.
The hound barely misses you.
You aren't carrying any items that you can evoke.
Unknown command.
Okay, then.
It was a potion of attraction.
You feel attractive to monsters. The hound bites you.
You die...

......8.._..#
#..w.......#
#._.....#
#..h....#
###....##
#.##.# #....#
####h# #@#
........#
#######.# ###


You could see a hound.

Vanquished Creatures
  A goblin (D:2)
  A hobgoblin (D:3)
  3 kobolds
5 creatures vanquished.

Notes
Turn   | Place    | Note
-------+----------+-------------------------------------------
     0 | D:1      | Esekla the Deep Elf Necromancer began the quest for the
                  | Orb.
     0 | D:1      | Reached XP level 1. HP: 10/10 MP: 6/6
   267 | D:2      | You fall into a shaft and drop 2 floors!
   312 | D:4      | Found a radiant altar of Vehumet.
   316 | D:4      | Became a worshipper of Vehumet
   442 | D:4      | Found an iron altar of Okawaru.
   471 | D:4      | Found a glowing silver altar of Zin.
   521 | D:3      | Noticed a hound
   521 | D:3      | Found a bloodstained altar of Trog.
   521 | D:3      | Found a hazy altar of Hepliaklqana.
   521 | D:3      | Found a stormy altar of Qazlal.
   533 | D:3      | Slain by a hound

Illustrated notes

Levels and vault maps discovered:
D:1:      sevenhm_arrival_forest_fort_small_3, layout_rooms,
          chequers_serial_rivers_room_b, minmay_misc_feat_five
D:2:      layout_loops_ring, dreamdust_ecumenical_altar_angels_and_demons,
          serial_shops, shop
D:3:      layout_basic, grunt_temple_overflow_open, minmay_misc_feat_iff
D:4:      layout_basic, nicolae_overflow_quartered_altars, serial_shops,
          nicolae_diamond_shop

Action                     || total
---------------------------++-------
  Melee: Short sword       ||    31
         Unarmed           ||     9
         Punch             ||     2
    Use: Scroll            ||     1
         Potion            ||     1
 Armour: Robe              ||    15
  Dodge: Dodged            ||    24
